 Dungeon Crawl Stone Soup version 0.21-a0-88-g13b9641 (webtiles) character file.

23 grisnicke the Vexing (level 2, -4/20 HPs)
             Began as a Vampire Arcane Marksman on June 27, 2017.
             Slain by a kobold
             ... wielding a +0 hand axe
              (6 damage)
             ... on level 2 of the Dungeon.
             The game lasted 00:03:08 (1273 turns).

grisnicke the Vexing (Vampire Arcane Marksman)      Turns: 1273, Time: 00:03:09

Health: -4/20      AC:  3    Str:  9    XL:     2   Next: 72%
Magic:  1/3        EV: 18    Int: 15    God:
Gold:   43         SH:  0    Dex: 19    Spells: 0/3 levels left

rFire    . . .     SeeInvis +   b - +0 dagger
rCold    + . .     Gourm    .   (no shield)
rNeg     + + .     Faith    .   f - +0 robe
rPois    +         Spirit   .   (no helmet)
rElec    .         Reflect  .   (no cloak)
rCorr    .         Harm     .   (no gloves)
MR       .....                  k - +0 pair of boots
Stlth    +++++.....             (no amulet)
HPRegen  0.03/turn              (no ring)
MPRegen  0.08/turn              (no ring)

@: agile, regenerating slowly
A: fangs 3, see invisible, unbreathing
a: no special abilities


You were on level 2 of the Dungeon.
You were thirsty.

You visited 1 branch of the dungeon, and saw 2 of its levels.

You collected 43 gold pieces.

Inventory:

Hand Weapons
 a - a +0 hand crossbow
 b - a +0 dagger (weapon)
   (You found it on level 2 of the Dungeon)
Missiles
 d - 15 bolts
 o - 10 poisoned needles
Armour
 f - a +0 robe (worn)
 k - a +0 pair of boots (worn)
   (You found it on level 2 of the Dungeon)
 l - a +0 shield
   (You found it on level 2 of the Dungeon)
Scrolls
 g - 2 scrolls of identify {unknown}
 h - 4 scrolls of remove curse {unknown}
 i - a scroll of fog {unknown}
Potions
 e - 3 potions of blood {@q1}
 j - a potion of flight {unknown}
 n - a potion of invisibility {unknown}
Books
 c - a book of Debilitation


   Skills:
 - Level 0.8 Fighting
 - Level 1.5 Crossbows
 - Level 2.1 Dodging
 + Level 3.1 Stealth
 - Level 1.0 Spellcasting
 + Level 5.0 Hexes


You couldn't memorise any spells.
You knew the following spells:

 Your Spells              Type           Power        Failure   Level  Hunger
s - Slow                  Hex            ###.....     4%          2    ###....
v - Corona                Hex            ###....      3%          1    ##.....


Dungeon Overview and Level Annotations

Branches:
Dungeon (2/15)

Altars:

Annotations:
D:2 Terence


Innate Abilities, Weirdness & Mutations

You heal slowly.
You have razor-sharp teeth.
You have supernaturally acute eyesight. (SInv)
You can survive without breathing.


Message History

d - 15 bolts (gained 1)
You see here a club.
You see here a dagger.
n - a dagger You see here 10 poisoned needles.
o - 10 poisoned needles You now have 43 gold pieces (gained 14).
Wear which item? (? for menu, Esc to quit)
Okay, then.
Wield which item (- for none, * to show all)? (? for menu, Esc to quit)
n - a +0 dagger (weapon)
Adjust (i)tems, (s)pells, or (a)bilities?
Adjust which item? (? for menu, Esc to quit)
n - a +0 dagger (weapon)
Adjust to which letter? (? for menu, Esc to quit)
b - a +0 dagger (weapon);
n - an inky potion
a - a +0 hand crossbow (weapon)
b - a +0 dagger (weapon)
a - a +0 hand crossbow (weapon)
A kobold comes into view.
b - a +0 dagger (weapon)
The helpless kobold fails to defend itself.
You bite the kobold, and draw its blood!
You feel slightly less thirsty.
You puncture the kobold!
You kill the kobold!
Your Stealth skill increases to level 3!
Okay, then.
h - 4 scrolls labeled GUISEZYICE (gained 1)
A hobgoblin comes into view.
You see here 25 stones.
The kobold shouts!
The kobold throws a stone.
The stone hits you but does no damage.
You see here a stone.
The kobold closely misses you. The kobold closely misses you.
The hobgoblin shouts!
You hit the kobold but do no damage.
You hear a shout!
The kobold hits you but does no damage.
You hit the kobold but do no damage. Your bite misses the kobold.
The kobold closely misses you.
The kobold throws a stone.
The stone closely misses you.
The kobold throws a stone.
The stone hits you but does no damage.
You see here a stone.
You hit the hobgoblin but do no damage. The hobgoblin closely misses you.
You barely miss the hobgoblin. The hobgoblin hits you.
You take 3 damage, and have 17/20 hp.
You hit the hobgoblin but do no damage. The hobgoblin closely misses you.
Terence the Incautious comes into view.
He is wielding a flail of holy wrath.
You see here a kobold corpse.
The kobold throws a stone.
The stone misses you.
You see here a stone.
The hobgoblin hits you.
You take 1 damage, and have 17/20 hp.
You hit the hobgoblin but do no damage. The hobgoblin closely misses you.
You hit the hobgoblin but do no damage. The hobgoblin barely misses you.
You hit the hobgoblin. The hobgoblin hits you.
You take 3 damage, and have 14/20 hp.
Aim: a hobgoblin (heavily wounded, chance to defeat MR: 69%)
The hobgoblin is outlined in light.
The hobgoblin barely misses you.
You now have 2/3 mp.
You hit the hobgoblin but do no damage. The hobgoblin hits you.
You take 1 damage, and have 13/20 hp.
You hit the hobgoblin.
You kill the hobgoblin!
Aim: a kobold, wielding a hand axe and wearing a runed robe (chance to defeat MR: 69%)
The kobold is outlined in light.
The kobold hits you with a hand axe.
You take 1 damage, and have 12/20 hp.
You now have 1/3 mp.
You are too injured to fight recklessly!
You are too injured to fight recklessly!
You are too injured to fight recklessly!
You are too injured to fight recklessly!
You hit the kobold but do no damage. The kobold hits you but does no damage.
You hit the kobold. You completely miss the kobold.
Your bite misses the kobold. The kobold closely misses you.
You hit the kobold but do no damage. The kobold misses you.
You completely miss the kobold. The kobold barely misses you.
You closely miss the kobold. Your bite misses the kobold.
The kobold stops glowing.
The kobold closely misses you.
You hit the kobold but do no damage. The kobold hits you with a hand axe.
You take 2 damage, and have 10/20 hp.
Aim: a kobold, wielding a hand axe and wearing a runed robe (moderately wounded, chance to defeat MR: 69%)
The kobold is outlined in light.
The kobold hits you with a hand axe.
* * * LOW HITPOINT WARNING * * *
You take 4 damage, and have 6/20 hp.
You now have 0/3 mp.
You barely miss the kobold. You bite the kobold.
You draw the kobold's blood!
You feel better.
You feel slightly less thirsty. The kobold hits you but does no damage.
You regained 2 hp, and now have 8/20 hp.
You hit the kobold but do no damage. The kobold hits you with a hand axe.
* * * LOW HITPOINT WARNING * * *
You take 6 damage, and have 2/20 hp.
MASSIVE DAMAGE!!
You barely miss the kobold. The kobold closely misses you.
You hit the kobold but do no damage. You bite the kobold, but do no damage.
It was a potion of agility.
You feel agile all of a sudden. The kobold hits you with a hand axe.
You die...

...####...................#
.....##...............#####
.###...@.##........####
...####...#....#.########
.#.##.......####....#...##
.#..........†.#####......##
.####.....###.# #.......#
...##.....# #.#####)......#
.......#.## #..K@.#.......#
.(#....#.# #####<.......##
.#####...# ####.....## .##
##### #.......# ..#
#.......# ..# #.......# ..#
##.....## .## ##...## ##
#####


You could see a kobold.

Vanquished Creatures
  A worm (D:2)
  A dart slug (D:2)
  4 bats
  2 goblins
  4 hobgoblins
  2 kobolds (D:2)
  2 frilled lizards (D:1)
  A rat (D:2)
17 creatures vanquished.

Notes
Turn   | Place    | Note
-------+----------+-------------------------------------------
     0 | D:1      | grisnicke the Vampire Arcane Marksman began the quest for the Orb.
     0 | D:1      | Reached XP level 1. HP: 14/14 MP: 2/2
   189 | D:1      | Reached skill level 1 in Stealth
   487 | D:1      | Reached skill level 2 in Stealth
   487 | D:1      | Reached XP level 2. HP: 20/20 MP: 3/3
   491 | D:1      | Learned a level 2 spell: Slow
   980 | D:2      | Reached skill level 5 in Hexes
  1186 | D:2      | Reached skill level 3 in Stealth
  1229 | D:2      | Noticed Terence
  1270 | D:2      | HP: 2/20 [kobold/hand axe (6)]
  1273 | D:2      | Slain by a kobold

Vault maps used:
D:1:      ncdulo_wetmaze
D:2:      chequers_ecumenical_altar_grove, minmay_tromino_v4_c, uniq_terence

Skill      XL: |  1  2 |
---------------+-------+-----
Stealth        | 2 3 |  3.1
Hexes          | 5 |  5.0
Fighting       | |  0.8
Crossbows      | |  1.5
Dodging        | |  2.1
Spellcasting   | |  1.0

Action                   || total
-------------------------++-------
Melee: Dagger            ||    22
       Bite              ||     2
 Fire: Hand crossbow     ||    24
 Cast: Corona            ||     4
  Use: Potion            ||     1
 Stab: Sleeping          ||     1
Armor: Robe              ||     4
Dodge: Dodged            ||    15

Vault maps used:
D:1:      ncdulo_wetmaze
D:2:      chequers_ecumenical_altar_grove, minmay_tromino_v4_c, uniq_terence

Table legend:
 A = Turns spent in this place as a percentage of turns spent in the entire game.
 B = Non-inter-level travel turns spent in this place as a percentage of non-inter-level travel turns spent in the entire game.
 C = Inter-level travel turns spent in this place as a percentage of turns spent in this place.
 D = Turns resting spent in this place as a percentage of non-inter-level travel turns spent in this place.
 E = Turns spent auto-exploring this place as a percentage of non-inter-level travel turns spent in this place.
 F = Non-inter-level travel turns spent in this place divided by the number of levels of this place that you've seen.
                   A       B       C       D       E      F
               +-------+-------+-------+-------+-------+----------------------
         Total | 100.0 | 100.0 |   0.5 |   1.0 |  11.0 | 105.0
       Dungeon | 100.0 | 100.0 |   0.5 |   1.0 |  11.0 | 105.0
               +-------+-------+-------+-------+-------+----------------------

Table legend:
 A = Kills in this place as a percentage of kills in entire the game.
 B = Kills by you in this place as a percentage of kills by you in the entire game.
 C = Kills by friends in this place as a percentage of kills by friends in the entire game.
 D = Other kills in this place as a percentage of other kills in the entire game.
 E = Experience gained in this place as a percentage of experience gained in the entire game.
 F = Experience gained in this place divided by the number of levels of this place that you have seen.
                   A       B       C       D       E      F
               +-------+-------+-------+-------+-------+----------------------
         Total | 100.0 | 100.0 |  -nan |  -nan | 100.0 |  16.5
       Dungeon | 100.0 | 100.0 |  -nan |  -nan | 100.0 |  16.5
               +-------+-------+-------+-------+-------+----------------------
